AA CENTRAL
MIDLAND ROCKHOUNDS @ WICHITA WIND SURGE
04/17/2042
 
TOP OF THE 1ST
Midland RockHounds batting - Pitching for Wichita Wind Surge : RHP Alfredo Vidro
Pitching: RHP Alfredo Vidro
Batting: RHB José Martínez 0-0: Called Strike
0-1: Called Strike
0-2: Ball
1-2: Ball
2-2: Foul Ball, location: 2F
2-2: Fly out, F4 (Popup, 34, EV 54.4 MPH)
Batting: RHB Tomás López 0-0: Ball
1-0: Foul Ball, location: 5FF
1-1: Ball
2-1: Ball
3-1: Base on Balls
Batting: RHB Sandoval Buitrago 0-0: Swinging Strike
0-1: Foul Ball, location: 23FF
0-2: Strikes out swinging
Batting: SHB Jim Douglas 0-0: Called Strike
0-1: Hit by Pitch
Tomás López to second
Pinch Runner at 1st Eric Moon:
Batting: RHB Tim Ladner 0-0: Ball
1-0: Fielders Choice at 2nd, 6-4 (Groundball, 6, EV 97.5 MPH)
Top of the 1st over - 0 runs, 0 hits, 0 errors, 2 left on base; Midland 0 - Wichita 0
BOTTOM OF THE 1ST
Wichita Wind Surge batting - Pitching for Midland RockHounds : LHP Clint Olson
Pitching: LHP Clint Olson
Now at 2B: Eric Moon
Now at 3B: José Martínez
Batting: RHB Valdinei Felgueiras 0-0: Called Strike
0-1: Ball
1-1: Ball
2-1: Ground out 4-3 (Groundball, 4, EV 87.5 MPH)
Batting: RHB Mario Martínez 0-0: Ball
1-0: Foul Ball, location: 9LSF
1-1: Called Strike
1-2: Foul Ball, location: 25FF
1-2: Foul Ball, location: 7LMFF
1-2: Ball
2-2: Fly out, F7 (Line Drive, 78D, EV 105.0 MPH)
Batting: RHB Jorge Rivas 0-0: Ground out 6-3 (Groundball, 6, EV 62.5 MPH)
Bottom of the 1st over - 0 runs, 0 hits, 0 errors, 0 left on base; Midland 0 - Wichita 0
TOP OF THE 2ND
Midland RockHounds batting - Pitching for Wichita Wind Surge : RHP Alfredo Vidro
Batting: LHB Bobby Heyward 0-0: SINGLE (Flyball, 8LS, EV 75.6 MPH)
Batting: RHB Tim Elliott 0-0: Bunt - Flyout to 13! F1
Batting: LHB Steve Hamilton 0-0: Called Strike
Bobby Heyward steals 2nd base
0-1: Fly out, F7 (Flyball, 7D, EV 89.4 MPH)
Batting: SHB Juan Galván 0-0: Called Strike
0-1: Foul Ball, location: 2F
0-2: Ball
1-2: Ground out 4-3 (Groundball, 4S, EV 86.9 MPH)
Top of the 2nd over - 0 runs, 1 hit, 0 errors, 1 left on base; Midland 0 - Wichita 0
BOTTOM OF THE 2ND
Wichita Wind Surge batting - Pitching for Midland RockHounds : LHP Clint Olson
Batting: RHB Bernie Davis 0-0: Ball
1-0: Foul Ball, location: 5F
1-1: Ball
2-1: Swinging Strike
2-2: Foul Ball, location: 2F
2-2: Foul Ball, location: 9LMF
2-2: Strikes out looking
Batting: LHB Augusto González 0-0: Called Strike
0-1: Ground out 6-3 (Groundball, 56, EV 108.1 MPH)
Batting: RHB José Gracía 0-0: Foul Ball, location: 9LMF
0-1: Ball
1-1: Ball
2-1: DOUBLE (Flyball, 89XD, EV 95.0 MPH)
Batting: RHB Héctor Rodríguez 0-0: Ball
1-0: SINGLE (Line Drive, 89S, EV 100.6 MPH)
José Gracía to third
Batting: LHB Mario Román 0-0: Ball
1-0: Foul Ball, location: 7LDF
1-1: Ball
2-1: Foul Ball, location: 2F
2-2: Fly out, F9 (Flyball, 89M, EV 82.5 MPH)
Bottom of the 2nd over - 0 runs, 2 hits, 0 errors, 2 left on base; Midland 0 - Wichita 0
TOP OF THE 3RD
Midland RockHounds batting - Pitching for Wichita Wind Surge : RHP Alfredo Vidro
Batting: RHB José Martínez 0-0: Ball
1-0: Ball
2-0: Ball
3-0: Base on Balls
Batting: RHB Tomás López 0-0: Sac Bunt to 23 - play at first, batter OUT! 3-4
José Martínez to second
Batting: RHB Sandoval Buitrago 0-0: Ball
1-0: Foul Ball, location: 2F
1-1: Fly out, F6 (Popup, 6, EV 63.8 MPH)
Batting: LHB Eric Moon 0-0: Ball
1-0: Called Strike
1-1: Called Strike
1-2: Strikes out swinging
Top of the 3rd over - 0 runs, 0 hits, 0 errors, 1 left on base; Midland 0 - Wichita 0
BOTTOM OF THE 3RD
Wichita Wind Surge batting - Pitching for Midland RockHounds : LHP Clint Olson
Batting: RHB Ronnie Willis 0-0: Ball
1-0: Called Strike
1-1: Swinging Strike
1-2: Foul Ball, location: 2LF
1-2: Ball
2-2: Strikes out swinging
Batting: RHB Valdinei Felgueiras 0-0: Ball
1-0: Ground out U3 (Groundball, 34, EV 85.0 MPH)
Batting: RHB Mario Martínez 0-0: Called Strike
0-1: Swinging Strike
0-2: Foul Ball, location: 2F
0-2: Ball
1-2: Strikes out swinging
Bottom of the 3rd over - 0 runs, 0 hits, 0 errors, 0 left on base; Midland 0 - Wichita 0
TOP OF THE 4TH
Midland RockHounds batting - Pitching for Wichita Wind Surge : RHP Alfredo Vidro
Batting: RHB Tim Ladner 0-0: Ball
1-0: Ball
2-0: Called Strike
2-1: Ball
3-1: Swinging Strike
3-2: Base on Balls
Batting: LHB Bobby Heyward 0-0: Grounds into double play, 4-6-3 (Groundball, 34, EV 91.3 MPH)
Batting: RHB Tim Elliott 0-0: Called Strike
0-1: Ball
1-1: Ground out 4-3 (Groundball, 34, EV 91.3 MPH)
Top of the 4th over - 0 runs, 0 hits, 0 errors, 0 left on base; Midland 0 - Wichita 0
BOTTOM OF THE 4TH
Wichita Wind Surge batting - Pitching for Midland RockHounds : LHP Clint Olson
Batting: RHB Jorge Rivas 0-0: Ground out 6-3 (Groundball, 6, EV 84.4 MPH)
Batting: RHB Bernie Davis 0-0: Foul Ball, location: 2RF
0-1: Swinging Strike
0-2: SINGLE (Flyball, 89S, EV 90.6 MPH)
Batting: LHB Augusto González 0-0: Ball
1-0: Called Strike
Bernie Davis is caught stealing 2nd base 2-6
1-1: Foul Ball, location: 9LMF
1-2: Ball
2-2: SINGLE (Line Drive, 89S, EV 98.8 MPH)
Batting: RHB José Gracía 0-0: Called Strike
0-1: Called Strike
0-2: Ball
1-2: Ball
2-2: Fly out, F9 (Flyball, 9, EV 88.8 MPH)
Bottom of the 4th over - 0 runs, 2 hits, 0 errors, 1 left on base; Midland 0 - Wichita 0
TOP OF THE 5TH
Midland RockHounds batting - Pitching for Wichita Wind Surge : RHP Alfredo Vidro
Batting: LHB Steve Hamilton 0-0: Ball
1-0: Ground out U3 (Groundball, 34, EV 92.5 MPH)
Batting: SHB Juan Galván 0-0: Ball
1-0: Ball
2-0: Ground out 1-3 (Groundball, 15, EV 65.6 MPH)
Batting: RHB José Martínez 0-0: Ball
1-0: Foul Ball, location: 2F
1-1: Ball
2-1: Fly out, F7 (Flyball, 7, EV 93.8 MPH)
Top of the 5th over - 0 runs, 0 hits, 0 errors, 0 left on base; Midland 0 - Wichita 0
BOTTOM OF THE 5TH
Wichita Wind Surge batting - Pitching for Midland RockHounds : LHP Clint Olson
Batting: RHB Héctor Rodríguez 0-0: Ball
1-0: Called Strike
1-1: Ball
2-1: Swinging Strike
2-2: Foul Ball, location: 9LMF
2-2: Ground out 3-1 (Groundball, 34S, EV 61.9 MPH)
Batting: LHB Mario Román 0-0: Ball
1-0: Foul Ball, location: 2F
1-1: Foul Ball, location: 7LDF
1-2: Foul Ball, location: 23F
1-2: Ball
2-2: Strikes out swinging
Batting: RHB Ronnie Willis 0-0: Called Strike
0-1: Ball
1-1: Swinging Strike
1-2: Ball
2-2: Fly out, F8 (Flyball, 78M, EV 85.6 MPH)
Bottom of the 5th over - 0 runs, 0 hits, 0 errors, 0 left on base; Midland 0 - Wichita 0
TOP OF THE 6TH
Midland RockHounds batting - Pitching for Wichita Wind Surge : RHP Alfredo Vidro
Batting: RHB Tomás López 0-0: Ball
1-0: Ball
2-0: Ball
3-0: Called Strike
3-1: Foul Ball, location: 9LDF
3-2: Strikes out swinging
Batting: RHB Sandoval Buitrago 0-0: Foul Ball, location: 2F
0-1: Ball
1-1: Foul Ball, location: 7LMF
1-2: Foul Ball, location: 5F
1-2: Ball
2-2: Ball
3-2: Foul Ball, location: 2F
3-2: SOLO HOME RUN (Flyball, 78XD, EV 111.9 MPH), Distance : 454 ft
Batting: LHB Eric Moon 0-0: Called Strike
0-1: Ball
1-1: Called Strike
1-2: Ball
2-2: Foul Ball, location: 2F
2-2: SINGLE (Line Drive, 7LS, EV 105.0 MPH)
Batting: RHB Tim Ladner 0-0: Ball
1-0: Foul Ball, location: 3F
1-1: Called Strike
1-2: Grounds into double play, 6-4-3 (Groundball, 6, EV 100.6 MPH)
Top of the 6th over - 1 run, 2 hits, 0 errors, 0 left on base; Midland 1 - Wichita 0
BOTTOM OF THE 6TH
Wichita Wind Surge batting - Pitching for Midland RockHounds : LHP Clint Olson
Batting: RHB Valdinei Felgueiras 0-0: Called Strike
0-1: Ball
1-1: Ball
2-1: Ball
3-1: Foul Ball, location: 2F
3-2: Base on Balls
Batting: RHB Mario Martínez 0-0: Ball
1-0: Sac Bunt to 23 - play at first, batter safe!
Valdinei Felgueiras to second
Batting: RHB Jorge Rivas 0-0: Ball
1-0: Called Strike
1-1: Foul Ball, location: 5F
1-2: Strikes out swinging
Batting: RHB Bernie Davis 0-0: Ball
1-0: Swinging Strike
1-1: SINGLE (Line Drive, 6MD, EV 96.3 MPH)
Valdinei Felgueiras to third
Mario Martínez to second
Batting: LHB Augusto González 0-0: Called Strike
0-1: Swinging Strike
0-2: Foul Ball, location: 3FF
0-2: Foul Ball, location: 2F
0-2: Fly out, F9 (Flyball, 89S, EV 92.5 MPH)
Batting: RHB José Gracía 0-0: Ball
1-0: Ball
2-0: Called Strike
2-1: Ball
3-1: SINGLE (Line Drive, 9S, EV 103.1 MPH)
Valdinei Felgueiras scores
Mario Martínez to third
Bernie Davis to second
Runner from 3rd tries for Home, throw by RF and OUT! 9-2
Bottom of the 6th over - 1 run, 3 hits, 0 errors, 2 left on base; Midland 1 - Wichita 1
TOP OF THE 7TH
Midland RockHounds batting - Pitching for Wichita Wind Surge : RHP Alfredo Vidro
Batting: LHB Bobby Heyward 0-0: Foul Ball, location: 2RF
0-1: Swinging Strike
0-2: Ball
1-2: Strikes out swinging
Batting: RHB Tim Elliott 0-0: Ball
1-0: Ground out 5-3 (Groundball, 56S, EV 79.4 MPH)
Batting: LHB Steve Hamilton 0-0: Ball
1-0: Ball
2-0: Called Strike
2-1: Ball
3-1: Base on Balls
Pitching: LHP Álex Lugo
Batting: SHB Juan Galván 0-0: Foul Ball, location: 2F
0-1: Foul Ball, location: 25F
0-2: Ball
1-2: Foul Ball, location: 25FF
1-2: Strikes out looking
Top of the 7th over - 0 runs, 0 hits, 0 errors, 1 left on base; Midland 1 - Wichita 1
BOTTOM OF THE 7TH
Wichita Wind Surge batting - Pitching for Midland RockHounds : LHP Clint Olson
Pitching: RHP Charlie González
Batting: RHB Héctor Rodríguez 0-0: Called Strike
0-1: Called Strike
0-2: SINGLE (Groundball, 34D, EV 99.4 MPH)
Batting: LHB Mario Román 0-0: Foul Ball, location: 5FF
0-1: Fly out, F9 (Flyball, 9LS, EV 85.6 MPH)
Batting: RHB Ronnie Willis 0-0: Ball
1-0: DOUBLE (Groundball, 5L, EV 106.9 MPH)
Héctor Rodríguez to third
Batting: RHB Valdinei Felgueiras 0-0: Ball
1-0: Ball
2-0: Ball
3-0: Called Strike
3-1: Called Strike
3-2: Foul Ball, location: 2F
3-2: Foul Ball, location: 25FF
3-2: Base on Balls
Batting: RHB Mario Martínez 0-0: Foul Ball, location: 3SF
0-1: Foul Ball, location: 25F
0-2: Foul Ball, location: 9LDF
0-2: Foul Ball, location: 2F
0-2: Ball
1-2: Ball
2-2: Ball
3-2: Fly out, F9 (Flyball, 9, EV 94.4 MPH)
Pinch Hitting: SHB António García 0-0: Ball
1-0: Ball
Wild Pitch!
Héctor Rodríguez scores
Ronnie Willis to third
Valdinei Felgueiras to second
2-0: Foul Ball, location: 7LSF
2-1: Ball
3-1: Called Strike
3-2: Ground out 6-3 (Groundball, 6, EV 101.3 MPH)
Bottom of the 7th over - 1 run, 2 hits, 0 errors, 2 left on base; Midland 1 - Wichita 2
TOP OF THE 8TH
Midland RockHounds batting - Pitching for Wichita Wind Surge : LHP Álex Lugo
Now at 1B: Valdinei Felgueiras
Now at 3B: Bernie Davis
Now at SS: António García
Now in LF: Tim Young
Batting: RHB José Martínez 0-0: Ball
1-0: Ball
2-0: Called Strike
2-1: Called Strike
2-2: Foul Ball, location: 2F
2-2: Strikes out swinging
Batting: RHB Tomás López 0-0: Ball
1-0: Foul Ball, location: 5F
1-1: Ball
2-1: Called Strike
2-2: Strikes out swinging
Batting: RHB Sandoval Buitrago 0-0: Ball
1-0: Fly out, F4 (Popup, 3DF, EV 72.5 MPH)
Top of the 8th over - 0 runs, 0 hits, 0 errors, 0 left on base; Midland 1 - Wichita 2
BOTTOM OF THE 8TH
Wichita Wind Surge batting - Pitching for Midland RockHounds : RHP Charlie González
Batting: RHB Bernie Davis 0-0: Called Strike
0-1: Swinging Strike
0-2: Ball
1-2: Strikes out swinging
Batting: LHB Augusto González 0-0: Called Strike
0-1: Swinging Strike
0-2: Strikes out looking
Batting: RHB José Gracía 0-0: Ground out 6-3 (Groundball, 6, EV 101.3 MPH)
Bottom of the 8th over - 0 runs, 0 hits, 0 errors, 0 left on base; Midland 1 - Wichita 2
TOP OF THE 9TH
Midland RockHounds batting - Pitching for Wichita Wind Surge : LHP Álex Lugo
Pitching: RHP Jonathan Holland
Batting: LHB Eric Moon 0-0: Ball
1-0: Foul Ball, location: 2F
1-1: Ball
2-1: Foul Ball, location: 7LSF
2-2: Foul Ball, location: 5SF
2-2: SINGLE (Line Drive, 6M, EV 97.5 MPH)
Pinch Hitting: LHB Edgar Vázquez 0-0: Ball
1-0: Ball
2-0: Ball
3-0: Foul Ball, location: 5F
3-1: Called Strike
3-2: Base on Balls
Eric Moon to second
Batting: LHB Bobby Heyward 0-0: Called Strike
0-1: Sac Bunt to 5S - play at first, batter OUT! 5-4
Eric Moon to third
Edgar Vázquez to second
Pinch Hitting: SHB Jim Brown 0-0: Called Strike
0-1: Ball
1-1: Called Strike
1-2: Foul Ball, location: 7LMF
1-2: Foul Ball, location: 2F
1-2: Ball
2-2: Foul Ball, location: 7LSF
2-2: Strikes out looking
Batting: LHB Steve Hamilton 0-0: Intentional Walk
Pinch Hitting: RHB Bob Page 0-0: Ball
1-0: Ground out 4-3 (Groundball, 4, EV 106.3 MPH)
Top of the 9th over - 0 runs, 1 hit, 0 errors, 3 left on base; Midland 1 - Wichita 2
Friday, May 3rd , 2024 - OOTP Baseball 24.10 Build 82